 Seeded DCSS version 0.30-a0-341-g682706514a (webtiles) character file.

Game seed: 6343297186996179794 (custom seed)

65 koil the Trooper (level 4, -3/73 HPs)
             Began as an Ogre Cinder Acolyte on Nov 2, 2022.
             Was a High Priest of Ignis.
             Slain by an orc
             ... wielding a +0 war axe
              (7 damage)
             ... on level 3 of the Dungeon.
             The game lasted 00:05:47 (2262 turns).

koil the Trooper (Ogre Cinder Acolyte)              Turns: 2262, Time: 00:05:48

Health: -3/73      AC: 22    Str: 18    XL:     4   Next: 14%
Magic:  1/6        EV:  1    Int: 17    God:    Ignis [*****.]
Gold:   147        SH:  0    Dex:  4    Spells: 4/6 levels left

rFire   + . .      SeeInvis .    a - +0 rapier
rCold   . . .      Faith    .    (no shield)
rNeg    . . .      Spirit   .    (body armour currently unavailable)
rPois   +          Reflect  .    (helmet currently unavailable)
rElec   .          Harm     .    (cloak currently unavailable)
rCorr   .          Rampage  .    (gloves unavailable)
Will    +....      NoTele   +    (boots unavailable)
Stlth   +.........               (no amulet)
HPRegen 0.32/turn                k - ring of willpower
MPRegen 0.10/turn                (no ring)

@: tree-form
A: stationary, stasis, torment immunity, boosted hp, large, unfitting armour,
(tough skin 1)
a: Renounce Religion, Fiery Armour, Foxfire Swarm, Rising Flame


You were on level 3 of the Dungeon.
You worshipped Ignis.
Ignis was extremely pleased with you.
You were a tree.
You visited 1 branch of the dungeon, and saw 3 of its levels.

You collected 147 gold pieces.

Inventory:

Hand Weapons
 a - a +0 rapier (weapon)
 c - a -1 hand axe of flaming
Armour
 b - a +0 robe (melded)
 h - an orb of energy
 o - a +0 robe
Magical Staves
 q - a staff of cold
Jewellery
 k - a ring of willpower (left branch)
 l - a ring of fire
Wands
 n - a wand of paralysis (13)
Scrolls
 f - 2 scrolls of identify {unknown}
 g - 2 scrolls of teleportation {unknown}
 m - a scroll of vulnerability {unknown}
Potions
 d - a potion of lignification
 e - a potion of brilliance {unknown}
 i - a potion of might {unknown}
 j - a potion of attraction {unknown}
 p - a potion of resistance {unknown}


   Skills:
 + Level 4.5 Fighting
 + Level 1.0 Short Blades
 - Level 3.0 Axes
 + Level 1.1 Stealth
 + Level 1.9 Spellcasting
 + Level 0.6 Hexes
 + Level 2.9 Fire Magic
 + Level 1.0 Poison Magic


You had 4 spell levels left.
You knew the following spells:

 Your Spells              Type           Power      Damage    Failure   Level
a - Scorch                Fire           22%        2d6       9%          2

Your spell library contained the following spells:

 Spells                   Type           Power      Damage    Failure   Level
 Summon Guardian Golem    Hex/Summ       2%         N/A       45%         3
 Olgreb's Toxic Radiance  Pois           5%         N/A       77%         4
 Orb of Destruction       Conj           0%         9d5       100%        7
 Ozocubu's Refrigeration  Ice            0%         4d7       100%        7
 Spellforged Servitor     Conj/Summ      0%         N/A       100%        7
 Ignition                 Fire           5%         3d4       100%        8


Dungeon Overview and Level Annotations

Branches:
Dungeon (3/15)

Altars:


Innate Abilities, Weirdness & Mutations

You are a tree.
Your roots penetrate the ground, keeping you stationary.
You cannot be teleported.
You are immune to unholy pain and torment.
Your maximum health is greatly increased.
Your equipment is partially melded.
You are too large for most types of armour.
((You have tough skin. (AC +1)))


Message History

* * * LOW HITPOINT WARNING * * *
Casting: Scorch (safe; 9% risk of failure)
Confirm with . or Enter, or press ? or * to list all spells.
Flames lash the rat.
You kill the rat!
The adder bites you.
* * * LOW HITPOINT WARNING * * *
The orc closely misses you.
Casting: Scorch (safe; 9% risk of failure)
Confirm with . or Enter, or press ? or * to list all spells.
You don't have enough magic to cast this spell.
It was a potion of lignification.
You turn into a tree.
Your +0 robe melds into your body.
Your roots penetrate the ground.
The adder bites you but does no damage. The orc hits you but does no damage.
The adder bites you but does no damage.
Unknown command.
You cannot move.
You barely miss the adder.
The orc is no longer more vulnerable to fire.
The adder bites you.
* * * LOW HITPOINT WARNING * * *
The orc hits you but does no damage.
You hit the adder. Your punch misses the adder.
The adder is heavily wounded.
The adder bites you but does no damage. The orc hits you but does no damage.
The adder bites you but does no damage.
You hit the adder.
The adder is heavily wounded.
The adder bites you but does no damage. The orc hits you with a +0 war axe.
* * * LOW HITPOINT WARNING * * *
You hit the adder but do no damage.
The adder is heavily wounded.
The adder bites you but does no damage. The orc hits you with a +0 war axe.
* * * LOW HITPOINT WARNING * * *
The adder bites you but does no damage.
You hit the adder.
The adder is severely wounded.
The orc hits you but does no damage. The adder bites you but does no damage.
The orc hits you with a +0 war axe!
You die...

.. ##.########. ...........
#........# #........# +..P.....#
#. ####..P.♣P..# #########.## #
#..P.ooP♣.P.# #####......###.####
.?.P.P)♣♣...###S♣...#..#.##......
..P♣♣oP.♣..###oo####.......#.....
♣....P..o..###..P♣.P.....###.
♣P..##########....P.P..##..###.
♣..# #..P.♣P♣PP.###..#♣. #..#
#.#P♣♣♣♣♣P......... ### #.#..♣♣
♣♣......>♣# ##.#..P♣♣♣P.#..##...
#..†...♣......###...


You could see an adder and 3 orcs.

Vanquished Creatures
  Jessica (D:3)
  2 orcs (D:3)
  2 ball pythons (D:2)
  3 endoplasms
  A giant cockroach (D:1)
  4 hobgoblins
  2 quokkas
  7 bats
  4 frilled lizards
  3 goblins (D:2)
  3 kobolds
  4 rats
36 creatures vanquished.

Vanquished Creatures (others)
  10 plants (D:3)
10 creatures vanquished.

Grand Total: 46 creatures vanquished

Notes
Turn   | Place    | Note
-------+----------+-------------------------------------------
     0 | D:1      | koil the Ogre Cinder Acolyte began the quest for the Orb.
     0 | D:1      | Reached XP level 1. HP: 24/24 MP: 2/2
   424 | D:1      | Reached XP level 2. HP: 30/32 MP: 4/4
   427 | D:1      | Learned a level 2 spell: Scorch
  1191 | D:2      | Reached XP level 3. HP: 31/39 MP: 0/5
  1984 | D:3      | Noticed Jessica
  2004 | D:3      | Reached skill level 1 in Stealth
  2020 | D:3      | Killed Jessica
  2021 | D:3      | Reached skill level 1 in Short Blades
  2021 | D:3      | Reached skill level 1 in Poison Magic
  2021 | D:3      | Reached XP level 4. HP: 21/49 MP: 0/6
  2262 | D:3      | Slain by an orc

Illustrated notes

Levels and vault maps discovered:
D:1:      dpeg_arrival_rooms_c, layout_loops_ring
D:2:      layout_basic
D:3:      layout_basic, ebering_ecumenical_altar_mist, serial_forest,
          infiniplex_forest_lined_4_way, infiniplex_forest_clump_long,
          infiniplex_forest_clump_curved, infiniplex_forest_clump_medium,
          infiniplex_forest_lined_1, infiniplex_forest_clump_small,
          infiniplex_forest_lined_room_, infiniplex_forest_clump_double,
          goddamned_bats, uniq_pargi, uniq_grinder, uniq_jessica,
          uniq_crazy_yiuf_cottage

Skill      XL: |  1  2  3 |
---------------+----------+-----
Stealth        | 1 |  1.1
Short Blades   | 1 |  1.0
Poison Magic   | 1 |  1.0
Fighting       | |  4.5
Axes           | |  3.0
Spellcasting   | |  1.9
Hexes          | |  0.6
Fire Magic     | |  2.9

Action                   |  1- 3 |  4- 6 || total
-------------------------+-------+-------++-------
Melee: Rapier            |   167 |    21 ||   188
       Punch             |     1 |       ||     1
 Cast: Scorch            |     8 |     2 ||    10
  Use: Potion            |       |     1 ||     1
 Stab: Sleeping          |     1 |       ||     1
Armor: Robe              |    76 |     5 ||    81
       Skin              |       |    12 ||    12
Dodge: Dodged            |   117 |    22 ||   139

Table legend: (Time is in decaauts)
 A = Elapsed time spent in this place.
 B = Non-inter-level travel time spent in this place.
 C = Inter-level travel time spent in this place.
 D = Time resting spent in this place.
 E = Time spent auto-exploring this place.
 F = Levels seen in this place.
 G = Mean time per level.
                   A        B        C        D        E       F      G
               +--------+--------+--------+--------+--------+-----+--------+
         Total |   2291 |   2284 |      7 |     57 |   1821 |   3 |  763.7 |
       Dungeon |   2291 |   2284 |      7 |     57 |   1821 |   3 |  763.7 |
               +--------+--------+--------+--------+--------+-----+--------+

Top non-repeatable levels by time:
     D:2: 1053 daAuts
     D:1: 733 daAuts
     D:3: 504 daAuts
